 Dungeon Crawl Stone Soup version 0.30.2 (webtiles) character file.

Game seed: 1934184457303285293

62 porpoise the Chopper (level 4, -4/40 HPs)
             Began as a Hill Orc Fighter on Apr 1, 2024.
             Killed from afar by Ijyb (11 damage)
             ... with a puff of flame
             ... on level 2 of the Dungeon.
             The game lasted 00:03:32 (1805 turns).

porpoise the Chopper (Hill Orc Fighter)             Turns: 1805, Time: 00:03:33

Health: -4/40      AC:  9    Str: 20    XL:     4   Next: 8%
Magic:  4/4        EV:  7    Int:  8    God:
Gold:   117        SH:  5    Dex: 16    Spells: 3/3 levels left

rFire   . . .        a - +0 war axe
rCold   . . .        c - +0 buckler
rNeg    . . .        j - +0 chain mail
rPois   .            (no helmet)
rElec   .            (no cloak)
rCorr   .            (no gloves)
SInv    .            (no boots)
Will    .....        (no amulet) Stlth
                     h - +6 ring of dexterity
HPRegen 0.26/turn    (no ring)
MPRegen 0.09/turn

%: clarity
@: mighty
A: clarity, wild magic 1
a: no special abilities


You were on level 2 of the Dungeon.
You visited 1 branch of the dungeon, and saw 3 of its levels.

You collected 117 gold pieces.

Inventory:

Hand Weapons
 a - a +0 war axe (weapon)
 b - a +0 sling
Missiles
 m - 2 poisoned darts (quivered)
Armour
 c - a +0 buckler (worn)
 j - a +0 chain mail (worn)
 o - a +0 scale mail
Jewellery
 h - a +6 ring of dexterity (left hand)
Scrolls
 e - 2 scrolls of identify {unknown}
 f - a scroll of enchant weapon {unknown}
 i - a scroll of immolation {unknown}
 l - 2 scrolls of teleportation {unknown}
 n - a scroll of blinking {unknown}


   Skills:
 + Level 4.3 Fighting
 * Level 4.4 Axes
 - Level 3.2 Armour
 + Level 3.8 Shields


You had 3 spell levels left.
You didn't know any spells.
Your spell library was empty.

Dungeon Overview and Level Annotations

Branches:
Dungeon (3/15)

Altars:
Yredelemnul

Annotations:
D:2 Ijyb


Innate Abilities, Weirdness & Mutations

You possess an exceptional clarity of mind.
Your spells are a little harder to cast, but a little more powerful.


Message History

There is a stone staircase leading down here.
You climb downwards.
Ijyb shouts!
You hear an angry hiss.
Found a twisted brass wand and 7 gold pieces.
There is a stone staircase leading up here.
There are monsters nearby!
Ijyb hits you with a +0 dagger.
You climb upwards.
There is a stone staircase leading down here.
You hit Ijyb but do no damage.
Ijyb zaps a wand.
The puff of flame hits you.
You hit Ijyb but do no damage.
Ijyb zaps a wand.
The puff of flame hits you.
You barely miss Ijyb.
Ijyb zaps a wand.
The puff of flame hits you.
Ijyb zaps a wand.
The puff of flame hits you.
You closely miss Ijyb. Ijyb barely misses you.
You barely miss Ijyb. Ijyb hits you but does no damage.
You barely miss Ijyb. Ijyb hits you with a +0 dagger.
Ijyb zaps a wand.
The puff of flame hits you!
You hit Ijyb but do no damage. Ijyb barely misses you.
You closely miss Ijyb. Ijyb hits you but does no damage.
You aren't carrying any items that you can evoke.
You hit Ijyb but do no damage. Ijyb hits you but does no damage.
You closely miss Ijyb. You block Ijyb's attack.
Ijyb zaps a wand.
The puff of flame hits you.
You hit Ijyb.
Ijyb is lightly wounded.
Ijyb hits you but does no damage.
You hit Ijyb.
Ijyb is heavily wounded.
Ijyb zaps a wand.
The puff of flame hits you!
* * * LOW HITPOINT WARNING * * *
It was a potion of mutation.
You feel extremely strange.
You feel less in control of your magic.
Your thoughts seem clearer.
Ijyb hits you with a +0 dagger.
* * * LOW HITPOINT WARNING * * *
It was a potion of curing.
You feel better.
Ijyb zaps a wand.
The puff of flame hits you!
* * * LOW HITPOINT WARNING * * *
You feel very mighty all of a sudden.
Ijyb zaps a wand.
The puff of flame hits you!
You die...

####....####......#
#............
........# #......#
###..........
........# #......#
#..........
....###.# #......#
#.......... ....#
#.# #......#
#.......... ....#
#.# #......#
#.......... ....#
#.# #......#
#.......... ....#
#.# #.....g#
##########. )...#
#.# #....@.# #.
##### #.# #####.##
#. # #.# #.# #. #
#.# #.# #. # #.#
#.### #. # #.# #...#
#.
#######.##########.#
#.
........##.........#
##
##########.#########


You could see Ijyb.

Vanquished Creatures
  An adder (D:2)
  A worm (D:2)
  A dart slug (D:1)
  5 ball pythons (D:1)
  4 endoplasms (D:1)
  A giant cockroach (D:2)
  2 goblins (D:2)
  6 hobgoblins
  4 jackals (D:1)
  2 quokkas (D:2)
  8 bats
  3 frilled lizards (D:1)
  4 kobolds
  3 rats
45 creatures vanquished.

Notes
Turn   | Place    | Note
-------+----------+-------------------------------------------
     0 | D:1      | porpoise the Hill Orc Fighter began the quest for the Orb.
     0 | D:1      | Reached XP level 1. HP: 19/19 MP: 1/1
   103 | D:1      | Reached XP level 2. HP: 25/27 MP: 2/2
   275 | D:1      | Reached XP level 3. HP: 33/33 MP: 3/3
  1512 | D:2      | Found a basalt altar of Yredelemnul.
  1770 | D:2      | Reached XP level 4. HP: 40/40 MP: 4/4
  1788 | D:3      | Noticed Ijyb
  1803 | D:2      | Gained mutation: Your spells are a little harder to cast,
                  | but a little more powerful. [potion of mutation]
  1803 | D:2      | Gained mutation: You possess an exceptional clarity of
                  | mind. [potion of mutation]
  1805 | D:2      | Killed from afar by Ijyb

Illustrated notes

Levels and vault maps discovered:
D:1:      minmay_arrival_four_loops, layout_loops_ring
D:2:      layout_basic, basic_altar
D:3:      layout_rooms, uniq_ijyb, uniq_natasha

Skill      XL: |  1  2  3 |
---------------+----------+-----
Axes           | 3 4 |  4.4
Fighting       | 4 |  4.3
Armour         | |  3.2
Shields        | |  3.8

Action                     |  1- 3 |  4- 6 || total
---------------------------+-------+-------++-------
  Melee: War axe           |   106 |    12 ||   118
   Fire: Sling             |     4 |       ||     4
  Throw: Dart              |     5 |       ||     5
    Use: Potion            |       |     3 ||     3
 Armour: Scale mail        |    20 |       ||    20
         Chain mail        |    41 |     4 ||    45
  Dodge: Dodged            |    51 |     2 ||    53
  Block: Buckler           |    26 |     1 ||    27
